| TOP OF THE 1ST |
|
Trois-Riveres Aigles batting - Pitching for Hamilton Cardinals : RHP Tony Casey
|
|
Pitching: RHP Tony Casey
|
|
|
Batting: LHB Jonathan Spino
|
0-0: Fly out, F9 (Flyball, 89S, EV 82.5 MPH)
|
|
Batting: LHB Harris Vink
|
0-0: Called Strike 0-1: Ball 1-1: Ball 2-1: Called Strike 2-2: Ball 3-2: Strikes out swinging
|
|
Batting: RHB Jose Arriola
|
0-0: Ball 1-0: Swinging Strike 1-1: Swinging Strike 1-2: Ball 2-2: Foul Ball, location: 2F 2-2: Strikes out swinging
|
| Top of the 1st over - 0 runs, 0 hits, 0 errors, 0 left on base; Trois-Riveres 0 - Hamilton 0 |
| BOTTOM OF THE 1ST |
|
Hamilton Cardinals batting - Pitching for Trois-Riveres Aigles : RHP Julian Black
|
|
Pitching: RHP Julian Black
|
|
|
Batting: RHB Richard Riggs
|
0-0: Foul Ball, location: 2F 0-1: Ball 1-1: SINGLE (Groundball, 56S, EV 61.9 MPH) (infield hit)
|
|
Batting: LHB Jorge Zarazua
|
0-0: Ball 1-0: Foul Ball, location: 2F 1-1: Fielders Choice at 2nd, 5-4 (Groundball, 5L, EV 91.3 MPH)
|
|
Batting: RHB Joe Alley
|
0-0: Swinging Strike 0-1: Ball 1-1: Called Strike 1-2: Foul Ball, location: 2F 1-2: Strikes out swinging
|
|
Batting: LHB Travis Ruppel
|
0-0: Called Strike 0-1: Foul Ball, location: 2F 0-2: Strikes out swinging
|
| Bottom of the 1st over - 0 runs, 1 hit, 0 errors, 1 left on base; Trois-Riveres 0 - Hamilton 0 |
| TOP OF THE 2ND |
|
Trois-Riveres Aigles batting - Pitching for Hamilton Cardinals : RHP Tony Casey
|
|
Batting: LHB Darryl Gonnella
|
0-0: Called Strike 0-1: Foul Ball, location: 2F 0-2: Ground out 6-3 (Groundball, 6, EV 86.3 MPH)
|
|
Batting: RHB Sesto Carpini
|
0-0: SOLO HOME RUN (Flyball, 7D, EV 97.5 MPH), Distance : 352 ft
|
|
Batting: SHB Joshua Jackson
|
0-0: Fly out, F9 (Flyball, 9LM, EV 88.8 MPH)
|
|
Batting: RHB Nelle Lommen
|
0-0: Called Strike 0-1: Called Strike 0-2: Ball 1-2: Ground out 5-3 (Groundball, 56, EV 81.3 MPH)
|
| Top of the 2nd over - 1 run, 1 hit, 0 errors, 0 left on base; Trois-Riveres 1 - Hamilton 0 |
| BOTTOM OF THE 2ND |
|
Hamilton Cardinals batting - Pitching for Trois-Riveres Aigles : RHP Julian Black
|
|
Batting: RHB Tyler Walker
|
0-0: Ground out 1-3 (Groundball, 34S, EV 73.8 MPH)
|
|
Batting: RHB Jose Jimenez
|
0-0: Fly out, F4 (Popup, 13S, EV 85.0 MPH)
|
|
Batting: RHB Kyle Burns
|
0-0: Ball 1-0: Called Strike 1-1: Ball 2-1: Foul Ball, location: 2F 2-2: Ball 3-2: Fly out, F8 (Flyball, 8RM, EV 91.3 MPH)
|
| Bottom of the 2nd over - 0 runs, 0 hits, 0 errors, 0 left on base; Trois-Riveres 1 - Hamilton 0 |
| TOP OF THE 3RD |
|
Trois-Riveres Aigles batting - Pitching for Hamilton Cardinals : RHP Tony Casey
|
|
Batting: RHB Dave Galloway
|
0-0: Called Strike 0-1: Ball 1-1: Ball 2-1: SINGLE (Groundball, 6MD, EV 95.0 MPH)
|
|
Batting: RHB Josh Harmon
|
0-0: Ball 1-0: Foul Ball, location: 2F 1-1: Ball 2-1: Ball Dave Galloway steals 2nd base 3-1: Foul Ball, location: 2F 3-2: Fly out, F8 (Flyball, 8LS, EV 83.1 MPH)
|
|
Batting: LHB Jonathan Spino
|
0-0: Ball 1-0: Called Strike 1-1: Foul Ball, location: 2F 1-2: Fly out, F8 (Flyball, 89XD, EV 79.4 MPH) Runner from 2nd tags up, SAFE at 3rd, no throw by CF
|
|
Batting: LHB Harris Vink
|
0-0: Ball 1-0: Fly out, F5 (Popup, 5SF, EV 79.4 MPH)
|
| Top of the 3rd over - 0 runs, 1 hit, 0 errors, 1 left on base; Trois-Riveres 1 - Hamilton 0 |
| BOTTOM OF THE 3RD |
|
Hamilton Cardinals batting - Pitching for Trois-Riveres Aigles : RHP Julian Black
|
|
Batting: RHB Tim Williams
|
0-0: Ball 1-0: Ball 2-0: Called Strike 2-1: Fly out, F7 (Flyball, 7S, EV 82.5 MPH)
|
|
Batting: RHB Edgar Klockow
|
0-0: Called Strike 0-1: Ball 1-1: Called Strike 1-2: Strikes out swinging
|
|
Batting: RHB Richard Riggs
|
0-0: Ball 1-0: Fly out, F8 (Flyball, 78M, EV 95.6 MPH)
|
| Bottom of the 3rd over - 0 runs, 0 hits, 0 errors, 0 left on base; Trois-Riveres 1 - Hamilton 0 |
| TOP OF THE 4TH |
|
Trois-Riveres Aigles batting - Pitching for Hamilton Cardinals : RHP Tony Casey
|
|
Batting: RHB Jose Arriola
|
0-0: Swinging Strike 0-1: Ball 1-1: Foul Ball, location: 2F 1-2: Strikes out swinging
|
|
Batting: LHB Darryl Gonnella
|
0-0: Ball 1-0: Ball 2-0: Fly out, F7 (Flyball, 7LD, EV 86.9 MPH)
|
|
Batting: RHB Sesto Carpini
|
0-0: Fly out, F8 (Line Drive, 8RS, EV 90.0 MPH)
|
| Top of the 4th over - 0 runs, 0 hits, 0 errors, 0 left on base; Trois-Riveres 1 - Hamilton 0 |
| BOTTOM OF THE 4TH |
|
Hamilton Cardinals batting - Pitching for Trois-Riveres Aigles : RHP Julian Black
|
|
Batting: LHB Jorge Zarazua
|
0-0: Called Strike 0-1: Ball 1-1: Ground out 2-3 (Groundball, 13S, EV 71.9 MPH)
|
|
Batting: RHB Joe Alley
|
0-0: Called Strike 0-1: Ball 1-1: Called Strike 1-2: Foul Ball, location: 2F 1-2: Ball 2-2: Strikes out swinging
|
|
Batting: LHB Travis Ruppel
|
0-0: Ball 1-0: Swinging Strike 1-1: Foul Ball, location: 2F 1-2: Strikes out swinging
|
| Bottom of the 4th over - 0 runs, 0 hits, 0 errors, 0 left on base; Trois-Riveres 1 - Hamilton 0 |
| TOP OF THE 5TH |
|
Trois-Riveres Aigles batting - Pitching for Hamilton Cardinals : RHP Tony Casey
|
|
Batting: SHB Joshua Jackson
|
0-0: Ball 1-0: Fly out, F9 (Flyball, 9D, EV 88.8 MPH)
|
|
Batting: RHB Nelle Lommen
|
0-0: Ball 1-0: Fly out, F4 (Popup, 4, EV 72.5 MPH)
|
|
Batting: RHB Dave Galloway
|
0-0: Foul Ball, location: 2F 0-1: Fly out, F4 (Popup, 34S, EV 84.4 MPH)
|
| Top of the 5th over - 0 runs, 0 hits, 0 errors, 0 left on base; Trois-Riveres 1 - Hamilton 0 |
| BOTTOM OF THE 5TH |
|
Hamilton Cardinals batting - Pitching for Trois-Riveres Aigles : RHP Julian Black
|
|
Batting: RHB Tyler Walker
|
0-0: Ball 1-0: Foul Ball, location: 2F 1-1: Ball 2-1: Fly out, F9 (Line Drive, 9S, EV 110.6 MPH)
|
|
Batting: RHB Jose Jimenez
|
0-0: Ball 1-0: Ball 2-0: Foul Ball, location: 2F 2-1: Fly out, F9 (Flyball, 9S, EV 86.3 MPH)
|
|
Batting: RHB Kyle Burns
|
0-0: Called Strike 0-1: Ground out 6-3 (Groundball, 6MD, EV 88.1 MPH)
|
| Bottom of the 5th over - 0 runs, 0 hits, 0 errors, 0 left on base; Trois-Riveres 1 - Hamilton 0 |
| TOP OF THE 6TH |
|
Trois-Riveres Aigles batting - Pitching for Hamilton Cardinals : RHP Tony Casey
|
|
Batting: RHB Josh Harmon
|
0-0: Foul Ball, location: 2F 0-1: Foul Ball, location: 2F 0-2: Ball 1-2: Ground out 5-3 (Groundball, 56S, EV 83.8 MPH)
|
|
Batting: LHB Jonathan Spino
|
0-0: Foul Ball, location: 2F 0-1: Ground out 5-3 (Groundball, 56S, EV 85.6 MPH)
|
|
Batting: LHB Harris Vink
|
0-0: Ball 1-0: Fly out, F8 (Flyball, 8RD, EV 108.8 MPH)
|
| Top of the 6th over - 0 runs, 0 hits, 0 errors, 0 left on base; Trois-Riveres 1 - Hamilton 0 |
| BOTTOM OF THE 6TH |
|
Hamilton Cardinals batting - Pitching for Trois-Riveres Aigles : RHP Julian Black
|
|
Batting: RHB Tim Williams
|
0-0: Called Strike 0-1: Foul Ball, location: 2F 0-2: Strikes out swinging
|
|
Batting: RHB Edgar Klockow
|
0-0: Called Strike 0-1: Fly out, F8 (Flyball, 8RD, EV 99.4 MPH)
|
|
Batting: RHB Richard Riggs
|
0-0: Ground out 5-3 (Groundball, 25, EV 82.5 MPH)
|
| Bottom of the 6th over - 0 runs, 0 hits, 0 errors, 0 left on base; Trois-Riveres 1 - Hamilton 0 |
| TOP OF THE 7TH |
|
Trois-Riveres Aigles batting - Pitching for Hamilton Cardinals : RHP Tony Casey
|
|
Batting: RHB Jose Arriola
|
0-0: Ball 1-0: SINGLE (Groundball, 6MD, EV 103.8 MPH)
|
|
Batting: LHB Darryl Gonnella
|
0-0: Foul Ball, location: 2F 0-1: Ball 1-1: Ball 2-1: Ball 3-1: Called Strike Jose Arriola steals 2nd base 3-2: Intentional Walk
|
|
Batting: RHB Sesto Carpini
|
0-0: Ball 1-0: Fly out, F2 (Popup, 3SF, EV 70.0 MPH)
|
|
Batting: SHB Joshua Jackson
|
0-0: Ball 1-0: Foul Ball, location: 2F 1-1: Ball 2-1: Fielders Choice at 2nd, 4-6 (Groundball, 4, EV 80.0 MPH) Jose Arriola to third
|
|
Batting: RHB Nelle Lommen
|
0-0: Foul Ball, location: 2F 0-1: Foul Ball, location: 2F 0-2: Ball 1-2: SINGLE (Groundball, 34, EV 105.0 MPH) Jose Arriola scores Joshua Jackson to second Throwing error, E9 Joshua Jackson scores Nelle Lommen to second
|
|
Batting: RHB Dave Galloway
|
0-0: Fly out, F9 (Line Drive, 9, EV 107.5 MPH)
|
| Top of the 7th over - 2 runs, 2 hits, 1 error, 1 left on base; Trois-Riveres 3 - Hamilton 0 |
| BOTTOM OF THE 7TH |
|
Hamilton Cardinals batting - Pitching for Trois-Riveres Aigles : RHP Julian Black
|
|
Batting: LHB Jorge Zarazua
|
0-0: Called Strike 0-1: Foul Ball, location: 2F 0-2: Foul Ball, location: 2F 0-2: Ball 1-2: Strikes out looking
|
|
Batting: RHB Joe Alley
|
0-0: Ball 1-0: Swinging Strike 1-1: Ball 2-1: Called Strike 2-2: Foul Ball, location: 2F 2-2: Ground out 6-3 (Groundball, 6, EV 85.0 MPH)
|
|
Batting: LHB Travis Ruppel
|
0-0: Ball 1-0: Foul Ball, location: 2F 1-1: Ground out U3 (Groundball, 3, EV 103.8 MPH)
|
| Bottom of the 7th over - 0 runs, 0 hits, 0 errors, 0 left on base; Trois-Riveres 3 - Hamilton 0 |
| TOP OF THE 8TH |
|
Trois-Riveres Aigles batting - Pitching for Hamilton Cardinals : RHP Tony Casey
|
|
Batting: RHB Josh Harmon
|
0-0: Ball 1-0: Swinging Strike 1-1: Swinging Strike 1-2: Strikes out swinging
|
|
Pitching: RHP Steve Langlois
|
|
|
Batting: LHB Jonathan Spino
|
0-0: Ground out 4-3 (Groundball, 4, EV 87.5 MPH)
|
|
Batting: LHB Harris Vink
|
0-0: Ball 1-0: Swinging Strike 1-1: Foul Ball, location: 2F 1-2: Strikes out swinging
|
| Top of the 8th over - 0 runs, 0 hits, 0 errors, 0 left on base; Trois-Riveres 3 - Hamilton 0 |
| BOTTOM OF THE 8TH |
|
Hamilton Cardinals batting - Pitching for Trois-Riveres Aigles : RHP Julian Black
|
|
Batting: RHB Tyler Walker
|
0-0: DOUBLE (Line Drive, 5D, EV 101.3 MPH)
|
|
Batting: RHB Jose Jimenez
|
0-0: Called Strike 0-1: Ball 1-1: Ball 2-1: Fly out, F9 (Line Drive, 9, EV 93.8 MPH)
|
|
Batting: RHB Kyle Burns
|
0-0: Ground out 6-3 (Groundball, 56, EV 98.1 MPH)
|
|
Batting: RHB Tim Williams
|
0-0: Ball 1-0: Ball 2-0: Called Strike 2-1: Ball 3-1: Base on Balls
|
|
Pinch Hitting: RHB Danny Gallo
|
0-0: Ball 1-0: Ball 2-0: Ball 3-0: Base on Balls Tyler Walker to third Tim Williams to second
|
|
Batting: RHB Richard Riggs
|
0-0: Called Strike 0-1: Called Strike 0-2: DOUBLE (Flyball, 8LXD, EV 100.6 MPH) Tyler Walker scores Tim Williams scores Danny Gallo to third Runner from 3rd tries for Home, SAFE, no throw by CF
|
|
Batting: LHB Jorge Zarazua
|
0-0: Called Strike 0-1: Ball 1-1: Ball 2-1: Ball 3-1: Called Strike 3-2: Ground out 4-3 (Groundball, 4, EV 101.9 MPH)
|
| Bottom of the 8th over - 3 runs, 2 hits, 0 errors, 1 left on base; Trois-Riveres 3 - Hamilton 3 |
| TOP OF THE 9TH |
|
Trois-Riveres Aigles batting - Pitching for Hamilton Cardinals : RHP Steve Langlois
|
|
Now in CF: Danny Gallo
|
|
|
Batting: RHB Jose Arriola
|
0-0: Fly out, F8 (Line Drive, 8RM, EV 93.1 MPH)
|
|
Batting: LHB Darryl Gonnella
|
0-0: Ball 1-0: Called Strike 1-1: Foul Ball, location: 2F 1-2: Strikes out looking
|
|
Batting: RHB Sesto Carpini
|
0-0: Ground out U3 (Groundball, 3, EV 88.8 MPH)
|
| Top of the 9th over - 0 runs, 0 hits, 0 errors, 0 left on base; Trois-Riveres 3 - Hamilton 3 |
| BOTTOM OF THE 9TH |
|
Hamilton Cardinals batting - Pitching for Trois-Riveres Aigles : RHP Julian Black
|
|
Batting: RHB Joe Alley
|
0-0: Swinging Strike 0-1: Fly out, F8 (Flyball, 8RD, EV 90.6 MPH)
|
|
Batting: LHB Travis Ruppel
|
0-0: Ground out 4-3 (Groundball, 34, EV 83.1 MPH)
|
|
Batting: RHB Tyler Walker
|
0-0: Ball 1-0: Foul Ball, location: 2F 1-1: Foul Ball, location: 2F 1-2: Foul Ball, location: 2F 1-2: Ground out 5-3 (Groundball, 5, EV 83.1 MPH)
|
| Bottom of the 9th over - 0 runs, 0 hits, 0 errors, 0 left on base; Trois-Riveres 3 - Hamilton 3 |
| TOP OF THE 10TH |
|
Trois-Riveres Aigles batting - Pitching for Hamilton Cardinals : RHP Steve Langlois
|
|
Pitching: RHP Pabiyan Vetlitsky
|
|
|
Batting: SHB Joshua Jackson
|
0-0: Foul Ball, location: 2F 0-1: Ball 1-1: Foul Ball, location: 2F 1-2: Ball 2-2: Ball 3-2: Strikes out swinging
|
|
Pinch Hitting: SHB Ray Luna
|
0-0: Ball 1-0: Swinging Strike 1-1: Ball 2-1: Called Strike 2-2: Strikes out looking
|
|
Batting: RHB Dave Galloway
|
0-0: Ball 1-0: Foul Ball, location: 2F 1-1: Swinging Strike 1-2: Hit by Pitch
|
|
Batting: LHB Dave Northam
|
0-0: Ball 1-0: Ball 2-0: Foul Ball, location: 2F 2-1: Called Strike 2-2: Foul Ball, location: 2F 2-2: Foul Ball, location: 2F 2-2: Ball 3-2: Ground out 1-3 (Groundball, 23, EV 66.9 MPH)
|
| Top of the 10th over - 0 runs, 0 hits, 0 errors, 1 left on base; Trois-Riveres 3 - Hamilton 3 |
| BOTTOM OF THE 10TH |
|
Hamilton Cardinals batting - Pitching for Trois-Riveres Aigles : RHP Julian Black
|
|
Now at C: Roy Johnson
|
|
|
Batting: RHB Jose Jimenez
|
0-0: SOLO HOME RUN (Flyball, 7D, EV 91.9 MPH), Distance : 353 ft
|
| Bottom of the 10th over - 1 run, 1 hit, 0 errors, 0 left on base; Trois-Riveres 3 - Hamilton 4 |
| GAME OVER ... HAMILTON DEFEATS TROIS |
|
Riveres, 4 to 3
|
|
|